 Dungeon Crawl Stone Soup version 0.27.0-1-g7a089689b8 (webtiles) character file.

Game seed: 11887456633978909100

14604 gimp the Cleaver (level 11, -1/94 HPs)
             Began as a Minotaur Fighter on Aug 8, 2021.
             Was a Priest of Ru.
             Slain by a black mamba (13 damage)
             ... on level 2 of the Lair of Beasts.
             The game lasted 00:25:58 (16367 turns).

gimp the Cleaver (Minotaur Fighter)                Turns: 16367, Time: 00:25:58

Health: -1/94      AC: 16    Str: 25    XL:     11   Next: 90%
Magic:  8/8        EV:  7    Int:  5    God:    Ru [***...]
Gold:   402        SH: 12    Dex:  7    Spells: 10/10 levels left

rFire    + + +     SeeInvis +   G - +2 war axe (flame)
rCold    + + .     Faith    .   c - +0 kite shield
rNeg     + . .     Spirit   .   e - +3 plate armour of Levity {rElec rF+ rCorr Dex-2}
rPois    +         Reflect  .   m - -2 hat of the Alchemist {rElec rPois rF+ rC+ rN+ Will+ rMut rCorr}
rElec    +         Harm     .   k - scarf {rC+ rF+}
rCorr    +         Rampage  .   D - +0 pair of gloves
rMut     +                      (no boots)
Will     +....                  (no amulet)
Stlth    ..........             b - ring of see invisible
HPRegen  0.25/turn              j - ring of poison resistance
MPRegen  0.11/turn

@: studying Armour
A: horns 2, low mp 1, inability to train dodging, unskilled 1, retaliatory
headbutt
a: Renounce Religion, Draw Out Power


You were on level 2 of the Lair of Beasts.
You worshipped Ru.
Ru was most pleased with you.
You visited 4 branches of the dungeon, and saw 16 of its levels.
You also visited: Bailey.

You collected 1468 gold pieces.
You spent 1066 gold pieces at shops.

Inventory:

Hand Weapons
 G - a +2 war axe of flaming (weapon)
Missiles
 n - a throwing net
 o - 39 poisoned darts (quivered)
 F - a curare-tipped dart
Armour
 c - a +0 kite shield (worn)
 e - the +3 plate armour of Levity (worn) {rElec rF+ rCorr Dex-2}
   (You acquired it on level 10 of the Dungeon)

   Dex:       It affects your dexterity (-2).
   rF:        It protects you from fire.
   rElec:     It insulates you from electricity.
   rCorr:     It protects you from acid and corrosion.
 k - a scarf of resistance (worn)
 l - a +1 hat
 m - the -2 hat of the Alchemist (worn) {rElec rPois rF+ rC+ rN+ Will+ rMut rCorr}
   (You bought it in a shop on level 7 of the Dungeon)

   rF:        It protects you from fire.
   rC:        It protects you from cold.
   rElec:     It insulates you from electricity.
   rPois:     It protects you from poison.
   rN:        It protects you from negative energy.
   rCorr:     It protects you from acid and corrosion.
   rMut:      It protects you from mutation.
   Will:      It increases your willpower.
 u - a +2 cloak of stealth
 D - a +0 pair of gloves (worn)
Jewellery
 b - a ring of see invisible (left hand)
 j - a ring of poison resistance (right hand)
 t - a ring of positive energy
 x - a ring of protection from fire
 B - a ring of resist corrosion
 K - a +6 ring of strength
Wands
 v - a wand of flame (56)
Scrolls
 f - a scroll of fog
 i - a scroll of blinking
 p - a scroll of summoning
 q - 3 scrolls of immolation {unknown}
 r - 6 scrolls of teleportation
 s - 3 scrolls of enchant armour {unknown}
 A - 4 scrolls of magic mapping
Potions
 d - a potion of might
 h - a potion of cancellation
 z - 2 potions of attraction
 H - a potion of magic
 I - 3 potions of curing {unknown}


   Skills:
 - Level 8.2 Fighting
 * Level 13.8 Axes
 + Level 9.9 Armour
 + Level 12.1 Shields


You had 10 spell levels left.
You didn't know any spells.
Your spell library contained the following spells:

 Spells                   Type           Power      Damage    Failure   Level
 Animate Skeleton         Necr           0%         N/A       100%        1
 Pain                     Necr           0%         1d4       100%        1
 Sandblast                Erth           0%         2d4       100%        1
 Blink                    Tloc           N/A        N/A       100%        2
 Passwall                 Tmut/Erth      0%         N/A       100%        2
 Dazzling Flash           Conj/Hex       0%         N/A       100%        3
 Frozen Ramparts          Ice            0%         1d2       100%        3
 Lesser Beckoning         Tloc           0%         N/A       100%        3
 Tukima's Dance           Hex            0%         N/A       100%        3
 Vampiric Draining        Necr           0%         2d6       100%        3
 Ice Form                 Ice/Tmut       0%         N/A       100%        4
 Summon Ice Beast         Ice/Summ       0%         N/A       100%        4
 Lee's Rapid Deconstruct  Erth           0%         3d5*      100%        5
 Manifold Assault         Tloc           0%         N/A       100%        5
 Storm Form               Tmut/Air       0%         N/A       100%        7
 Necromutation            Tmut/Necr      0%         N/A       100%        8


Dungeon Overview and Level Annotations

Branches:
Dungeon (12/15)            Temple (1/1) D:6            Lair (2/6) D:8
    Orc (1/2) D:11         Bailey (visited)
  Swamp: Lair:2-4    Shoals: Lair:2-4     Snake: Lair:2-4    Spider: Lair:2-4

Altars:
Ashenzari
Cheibriados
Dithmenos
Elyvilon
Fedhas
Gozag
Hepliaklqana
Kikubaaqudgha
Makhleb
Nemelex Xobeh
Okawaru
Qazlal
Ru
Sif Muna
Trog
Uskayaw
Vehumet
Wu Jian
Xom
Yredelemnul
Zin
The Shining One

Shops:
D:1 (([   D:7 *

Annotations:
D:10 Harold, Urug


Innate Abilities, Weirdness & Mutations

You have a pair of horns on your head.
Your magical capacity is low. (-10% MP)
You cannot train Dodging skill.
You are somewhat unskilled. (-1 Apt)
You reflexively headbutt those who attack you in melee.


Message History

You focus your inner power and illuminate the black mamba in retribution!
You take 9 damage, and have 21/94 hp.
You hit Gastronok. You burn Gastronok. You headbutt Gastronok!
Gastronok is heavily wounded.
You barely miss the black mamba. You block the black mamba's attack.
The black mamba barely misses you.
Gastronok begins to cast a spell, but is stunned by your conviction!
You hit Gastronok. You burn Gastronok. You headbutt Gastronok!
Gastronok is heavily wounded.
You hit the black mamba. You burn the black mamba.
The black mamba is stunned by your conviction and fails to attack.
You block the black mamba's attack.
You slice Gastronok!! You burn Gastronok.
Gastronok is severely wounded.
You closely miss the black mamba. You block the black mamba's attack.
You block Gastronok's attack.
You slash Gastronok! You burn Gastronok. You headbutt Gastronok!
Gastronok is almost dead.
You slash the black mamba! You burn the black mamba. The black mamba bites you.
* * * LOW HITPOINT WARNING * * *
You block the black mamba's attack.
You take 3 damage, and have 19/94 hp.
You slash Gastronok! You burn Gastronok. You headbutt Gastronok.
You kill Gastronok!
You closely miss the black mamba. The black mamba bites you!
* * * LOW HITPOINT WARNING * * *
Your Shields skill increases to level 12!
You take 8 damage, and have 11/94 hp.
The black mamba is stunned by your conviction and fails to attack.
You block the black mamba's attack.
Things that are here:
the +3 hat of Pondering {ponderous, Will+ MP+10 Int+5}; a potion of might You block the black mamba's attack.
You barely miss the black mamba.
The black mamba is severely wounded.
You block the black mamba's attack. The black mamba barely misses you.
You hit the black mamba. You burn the black mamba.
The black mamba is almost dead.
The black mamba bites you!
You die...

...P ...###
...#.## .....#
#.P..### #....
.#### #..#
....#..
#@.###.....#.
#S[.....#.PP.
#............
#................
#############.P#.
##


You could see a black mamba (corona).

Vanquished Creatures
  Gastronok (Lair:2)
  A two-headed ogre (D:11)
  A deep elf pyromancer (D:12)
  An orc knight (Bailey)
  A cyclops (D:11)
  3 cane toads (Lair:1)
  Maggie (Lair:1)
  A komodo dragon (D:8)
  2 trolls
  A hornet (D:8)
  4 blink frogs (Lair:1)
  A shadow (D:9)
  3 wraiths
  A vampire (D:11)
  5 yaks (Lair:1)
  Grum (D:9)
  A basilisk (Lair:1)
  Menkaure (D:4)
  6 water moccasins
  2 black bears
  15 orc warriors
  A necrophage (D:5)
  3 wolves (D:9)
  2 ogres
  9 centaurs
  2 phantoms
  3 kobold brigands
  Blork the orc (D:4)
  5 bullfrogs
  2 gnoll sergeants
  2 water moccasin zombies
  7 killer bees
  4 howler monkeys
  2 centaur zombies
  4 orc priests
  2 centaur skeletons
  A gnoll shaman (D:7)
  2 jellies
  2 bullfrog skeletons
  Terence (D:2)
  2 iguanas
  11 orc wizards
  2 killer bee zombies
  2 hound skeletons (D:4)
  3 howler monkey zombies
  3 adders
  15 gnolls
  2 white imps (D:6)
  An ufetubus (D:7)
  7 worms
  2 dart slugs (D:2)
  44 orcs
  6 bats
  8 endoplasms
  6 giant cockroaches
  10 goblins
  8 hobgoblins
  6 jackals (D:4)
  18 kobolds
  5 ball pythons
  5 frilled lizards
  5 rats
279 creatures vanquished.

Vanquished Creatures (collateral kills)
  Erolcha (D:10)
  An orc warrior (D:10)
  An orc (D:10)
3 creatures vanquished.

Vanquished Creatures (others)
  An orc warrior (Bailey)
  2 fungi
  2 plants (D:6)
  A withered plant (D:7)
6 creatures vanquished.

Grand Total: 288 creatures vanquished

Notes
Turn   | Place    | Note
-------+----------+-------------------------------------------
     0 | D:1      | gimp the Minotaur Fighter began the quest for the Orb.
     0 | D:1      | Reached XP level 1. HP: 19/19 MP: 0/0
   175 | D:1      | Reached XP level 2. HP: 26/27 MP: 1/1
   198 | D:1      | Found Yxusk's Weapon Shop.
   386 | D:1      | Found Qidaad's Antique Weapon Shoppe.
   525 | D:1      | Reached skill level 3 in Axes
   602 | D:1      | Found Vufirum's Antique Armour Emporium.
   790 | D:2      | Found an ornate altar of the Wu Jian Council.
   924 | D:2      | Noticed Terence
   930 | D:2      | Killed Terence
   931 | D:2      | Reached XP level 3. HP: 23/34 MP: 2/2
  1223 | D:2      | Reached XP level 4. HP: 41/41 MP: 3/3
  1567 | D:2      | Found a faded altar of an unknown god.
  1747 | D:3      | Found a radiant altar of Vehumet.
  1803 | D:3      | Reached skill level 5 in Fighting
  1803 | D:3      | Reached skill level 4 in Axes
  1803 | D:3      | Reached skill level 5 in Shields
  1803 | D:3      | Reached XP level 5. HP: 34/48 MP: 4/4
  3132 | D:4      | Noticed a phantom
  3134 | D:4      | Noticed Blork the orc
  3135 | D:4      | Reached XP level 6. HP: 41/56 MP: 5/5
  3136 | D:4      | Found a hazy altar of Hepliaklqana.
  3163 | D:3      | Reached skill level 5 in Axes
  3370 | D:4      | Killed Blork the orc
  3589 | D:1      | Bought a runed cloak for 150 gold pieces
  3760 | D:4      | Reached XP level 7. HP: 16/63 MP: 6/6
  3993 | D:4      | Found a sparkling altar of Nemelex Xobeh.
  4059 | D:4      | Noticed Menkaure
  4062 | D:5      | Entered Level 5 of the Dungeon
  4105 | D:5      | Reached skill level 6 in Axes
  4324 | D:5      | Reached XP level 8. HP: 64/73 MP: 7/7
  4709 | D:4      | Killed Menkaure
  4710 | D:4      | Reached skill level 7 in Axes
  6061 | D:6      | Reached skill level 8 in Axes
  6300 | D:6      | Found a glowing silver altar of Zin.
  6301 | D:6      | Found an opulent altar of Gozag.
  6441 | D:6      | Found a staircase to the Ecumenical Temple.
  6455 | Temple   | Entered the Ecumenical Temple
  6590 | Temple   | Became a worshipper of Ru the Awakened
  7482 | D:6      | Reached XP level 9. HP: 54/83 MP: 8/8
  7678 | D:7      | Found Lurunly's General Store.
  8139 | D:7      | Reached skill level 9 in Axes
  8189 | D:7      | Found an ancient bone altar of Kikubaaqudgha.
  8189 | D:7      | Found a blossoming altar of Fedhas.
  8470 | D:8      | Gained mutation: You are somewhat unskilled. (-1 Apt) [Ru
                  | sacrifice]
  8470 | D:8      | Reduced skill Axes to level 8
  8470 | D:8      | Reached * piety under Ru
  8527 | D:8      | Found a shadowy altar of Dithmenos.
  8882 | D:8      | Found a staircase to the Lair.
  8910 | D:8      | Reached skill level 9 in Axes
  9539 | D:1      | Bought a +2 war axe of flaming for 256 gold pieces
  9816 | D:8      | Reached skill level 10 in Shields
 10029 | D:9      | Reached skill level 10 in Axes
 10265 | D:9      | Reached XP level 10. HP: 79/88 MP: 9/9
 10289 | D:9      | HP: 4/88 [orc priest/divine providence (13)]
 10937 | D:9      | Noticed Grum
 10958 | D:9      | Killed Grum
 11363 | D:9      | Found a stormy altar of Qazlal.
 11415 | D:10     | Entered Level 10 of the Dungeon
 11446 | D:10     | Found a flagged portal.
 11446 | D:10     | Noticed Erolcha
 11453 | D:10     | Identified a scroll of acquirement
 11453 | D:10     | Acquired the +3 plate armour of Levity {rElec rF+ rCorr
                  | Dex-2}
 11479 | D:10     | Killed Erolcha
 11480 | D:10     | Reached skill level 11 in Axes
 11480 | D:10     | Reached skill level 5 in Armour
 11563 | Bailey   | Entered a bailey
 11892 | Bailey   | Gained mutation: Your magical capacity is low. (-10% MP)
                  | [Ru sacrifice]
 11892 | Bailey   | Reached ** piety under Ru
 12509 | Bailey   | Acquired 666 gold pieces
 12511 | Bailey   | Noticed an orc knight
 12525 | Bailey   | Killed an orc knight
 12848 | D:7      | Bought the -2 hat of the Alchemist {rElec rPois rF+ rC+ rN+
                  | Will+ rMut rCorr} for 660 gold pieces
 12848 | D:7      | Found the -2 hat of the Alchemist {rElec rPois rF+ rC+ rN+
                  | Will+ rMut rCorr}
 12942 | D:10     | Found an iron altar of Okawaru.
 12943 | D:10     | Noticed Urug
 13375 | D:10     | Noticed Harold
 13636 | D:11     | Reached skill level 12 in Axes
 13703 | D:11     | Noticed a cyclops
 13716 | D:11     | Killed a cyclops
 13717 | D:11     | Reached XP level 11. HP: 65/94 MP: 8/8
 13848 | D:11     | Found a staircase to the Orcish Mines.
 14326 | D:11     | Noticed a two-headed ogre
 14348 | D:11     | Killed a two-headed ogre
 14596 | D:12     | Noticed a deep elf pyromancer
 14606 | D:12     | Killed a deep elf pyromancer
 14661 | D:12     | Noticed a sun demon
 14955 | Orc:1    | Entered Level 1 of the Orcish Mines
 14961 | Orc:1    | Noticed an orc knight
 14964 | Orc:1    | Noticed an orc sorcerer
 15105 | Lair:1   | Entered Level 1 of the Lair of Beasts
 15180 | Lair:1   | Reached skill level 13 in Axes
 15611 | Lair:1   | Noticed Maggie
 15631 | Lair:1   | Killed Maggie
 15722 | Lair:1   | Gained mutation: You cannot train Dodging skill. [Ru
                  | sacrifice]
 15722 | Lair:1   | Reached *** piety under Ru
 15741 | Lair:1   | Got the Papyrus of Malediction and Transmutation
 16348 | Lair:2   | Noticed Gastronok
 16363 | Lair:2   | Killed Gastronok
 16367 | Lair:2   | Slain by a black mamba

Illustrated notes

Levels and vault maps discovered:
D:1:      onia_arrival_pyramid, layout_rooms, serial_shops, nicolae_shop_stone,
          nicolae_shop_behind_doors, shop, serial_corexii_hall,
          corexii_hall_statues_i, corexii_hall_statues_i,
          corexii_hall_statues_x, corexii_hall_statues_s
D:2:      layout_basic, shapermc_ecumenical_altar_petra, basic_altar,
          minmay_heptomino_w4, uniq_terence
D:3:      layout_basic, vehumet_crystals
D:4:      layout_cave_pools, nemelex_xobeh_ov_fountains_minmay,
          overflow_temple_1_default, uniq_menkaure, uniq_blork_the_orc
D:5:      layout_basic
D:6:      layout_loops_ring, grunt_temple_overflow_gold_and_silver,
          minmay_temple_entry_gardened_gates, hangedman_decor_clover_reticule
D:7:      layout_loops_ring, grunt_temple_overflow_growth_and_decay,
          serial_shops, shop
D:8:      layout_basic, mainiacjoe_overflow_alcove_1, lair_entry_dummy,
          eino_tiny_chamber, nicolae_wwwww
D:9:      layout_loops_ring, lemuel_round_altar, uniq_grum
D:10:     layout_loops_ring, nicolae_overflow_crystal_walls, enter_bailey_2,
          minmay_joined_circles, uniq_harold, uniq_urug, uniq_erolcha
D:11:     layout_roguey, orc_0_dummy
D:12:     layout_irregular_city, minmay_misc_feat_room
Temple:   nicolae_temple_x_marks_the_god
Lair:1:   layout_misc_corridors, uniq_maggie
Lair:2:   layout_loops_ring, gammafunk_ghost_split, beast_lair_carwin_8,
          uniq_gastronok
Orc:1:    layout_caves, serial_shops,
          nicolae_shop_temple_entry_statues_fountains, ebering_ghost_xom

Skill      XL: |  1  2  3  4  5  6  7  8  9 10 11 |
---------------+----------------------------------+-----
Fighting       | 4 5 6 7 9 8 |  8.2
Shields        | 4 5 6 7 9 10 11 12 | 12.1
Axes           | 3 4 5 6 8 10 12 13 | 13.8
Armour         | 6 9 |  9.9

Action                   |  1- 3 |  4- 6 |  7- 9 | 10-12 || total
-------------------------+-------+-------+-------+-------++-------
Melee: War axe           |    72 |   135 |   338 |   429 ||   974
       Headbutt          |     7 |    21 |    72 |    90 ||   190
Throw: Dart              |       |       |    13 |    13 ||    26
Invok: Sacrifice Skill   |       |       |     1 |       ||     1
       Sacrifice Essence |       |       |       |     1 ||     1
       Sacrifice Nimblen |       |       |       |     1 ||     1
Evoke: Wand              |       |       |     8 |     5 ||    13
  Use: Scroll            |       |       |     2 |    16 ||    18
       Potion            |       |       |     1 |     5 ||     6
Armor: Scale mail        |    42 |    42 |    96 |       ||   180
       Plate armour      |       |       |    71 |   224 ||   295
Dodge: Dodged            |    27 |    49 |    99 |   105 ||   280
Block: Kite shield       |    39 |    77 |   291 |   328 ||   735
